Map: 黄金之柱-天梯版

Players

iGXiGua (XiGua)

  • Race: Zerg Zerg

iGXY (XY) - Winner!

  • Race: Terran Terran

Event: DreamHack SC2 Masters 2020 Winter

VOD

Have the link to the VOD?

Description

Time

  • Played on: Oct. 14, 2020, 9:11 a.m.
  • Length: 12:23

All games in this series

Show
View Real Time Build Order
Export as new Build Order

iGXiGua Zerg 

Build Orders: Hatch First, Muta Ling Bane 

Get SALT Encoding   

  12  0:00  Drone  
  13  0:12  Overlord  
  13  0:18  Drone  
  14  0:32  Drone x2  
  16  0:50  Hatchery  
  16  0:53  Drone  
  16  0:57  Drone  
  17  1:00  Drone  
  18  1:10  Extractor  
  17  1:16  Spawning Pool  
  16  1:19  Drone  
  16  1:23  Drone  
  18  1:30  Drone  
  19  1:39  Overlord  
  19  1:50  Drone  
  20  2:02  Queen  
  20  2:03  Queen, Zergling x4  
  26  2:11  Metabolic Boost  
  26  2:15  Drone  
  27  2:16  Drone  
  27  2:21  Drone  
  29  2:28  Drone  
  29  2:33  Drone  
  29  2:35  Drone  
  31  2:40  Queen  
  33  2:47  Overlord  
  33  2:58  Hatchery  
  32  3:04  Drone x3  
  35  3:09  Pneumatized Carapace  
  35  3:16  Drone x3  
  38  3:21  Drone x2  
  38  3:22  Drone  
  41  3:27  Queen  
  41  3:32  Overlord  
  43  3:38  Overlord  
  43  3:51  Drone x2  
  43  3:52  Drone x6  
  51  3:57  Overlord  
  51  3:58  Drone  
  51  4:02  Zergling x2  
  53  4:05  Queen  
  53  4:06  Overlord  
  55  4:11  Queen  
  55  4:14  Overlord  
  55  4:15  Drone  
  58  4:19  Zergling x2  
  58  4:20  Drone  
  60  4:27  Extractor, Zergling x4  
  60  4:28  Evolution Chamber  
  60  4:33  Drone, Evolution Chamber  
  60  4:35  Drone  
  60  4:37  Drone x2  
  64  4:38  Drone  
  64  4:44  Drone  
  64  4:45  Drone x3  
  68  4:47  Drone x2  
  68  4:51  Drone  
  71  4:54  Zerg Ground Armor Level 1  
  71  4:55  Overlord  
  71  4:56  Overlord x2  
  71  4:57  Overlord  
  71  4:58  Drone  
  72  5:03  Extractor  
  72  5:04  Overlord  
  72  5:06  Drone, Extractor  
  71  5:09  Overlord  
  71  5:12  Lair  
  71  5:18  Drone  
  71  5:20  Drone x7  
  79  5:22  Drone  
  79  5:26  Baneling Nest  
  79  5:30  Drone x3  
  82  5:36  Hatchery  
  82  5:37  Drone x2  
  82  5:40  Extractor  
  82  5:41  Drone x2, Extractor  
  83  5:44  Overlord  
  83  5:45  Drone  
  83  5:49  Overlord  
  84  5:53  Drone  
  84  5:54  Drone x5  
  90  5:58  Zergling x4  
  92  6:08  Zergling x2  
  92  6:09  Zergling x4  
  95  6:12  Centrifical Hooks  
  95  6:13  Spire  
  95  6:14  Zergling x6  
  97  6:19  Hatchery  
  97  6:20  Drone  
  97  6:22  Zergling x4  
  99  6:27  Baneling x3  
  99  6:28  Zergling x10  
  104  6:33  Zergling x6  
  104  6:39  Zergling x6  
  110  6:43  Baneling x3  
  110  6:44  Baneling x4  
  110  6:46  Zergling x6  
  113  6:47  Overlord  
  113  6:52  Baneling, Zergling x2  
  113  6:53  Drone, Zergling x2  
  115  6:56  Zerg Ground Armor Level 2  
  115  6:57  Zerg Melee Weapons Level 1  
  115  7:00  Overlord  
  105  7:16  Drone x12  
  118  7:22  Drone  
  118  7:23  Drone, Overseer  
  118  7:26  Drone x2  
  118  7:28  Baneling x4  
  118  7:29  Drone x3  
  117  7:37  Zergling x14  
  119  7:47  Zergling x8  
  119  7:49  Drone  
  121  7:52  Drone  
  121  7:57  Drone, Mutalisk x4  
  131  8:01  Mutalisk x2  
  131  8:02  Zerg Flyer Weapons Level 1  
  131  8:05  Mutalisk x3  
  139  8:07  Drone  
  139  8:11  Drone  
  134  8:25  Drone x6  
  140  8:28  Drone  
  140  8:29  Drone x6  
  147  8:35  Drone  
  147  8:36  Overlord  
  147  8:41  Mutalisk x3  
  148  8:43  Infestation Pit  
  148  8:44  Mutalisk  
  148  8:45  Mutalisk  
  148  8:46  Drone  
  148  8:47  Drone  
  148  8:48  Drone  
  153  8:50  Overlord  
  153  8:58  Overlord x2  
  153  9:02  Infestation Pit  
  152  9:07  Baneling x8  
  152  9:15  Baneling x3  
  152  9:22  Drone  
  152  9:23  Drone x8  
  148  9:26  Drone  
  148  9:27  Drone x14  
  162  9:33  Drone  
  162  9:34  Drone x2  
  162  9:36  Drone x6, Overlord  
  171  9:47  Overseer  
  168  9:56  Mutalisk  
  168  9:57  Mutalisk x4  
  178  10:04  Zergling x24  
  189  10:09  Hatchery  
  188  10:18  Hive  
  186  10:22  Zergling x26  
  186  10:23  Queen  
  186  10:26  Zergling x4  
  186  10:27  Baneling x10  
  186  10:28  Baneling x4  
  188  10:29  Baneling  
  184  10:37  Zergling x10  
  186  10:43  Zergling x2  
  186  10:44  Zergling x2  
  186  10:46  Mutalisk x2  
  186  10:49  Overlord  
  192  10:50  Overlord  
  192  10:54  Zergling x6  
  195  10:57  Baneling  
  195  11:02  Baneling x11  
  195  11:03  Zergling x6  
  192  11:10  Zergling x14  
  192  11:11  Zergling x2  
  191  11:12  Baneling  
  191  11:13  Baneling x4, Zergling x12  
  179  11:23  Mutalisk x2  
  171  11:26  Zergling x12  
  171  11:32  Zergling x8  
  153  11:36  Zergling x2  
  153  11:39  Mutalisk, Zergling x2  
  129  11:42  Zergling x8  
  129  11:43  Zergling x4  
  128  11:51  Zergling x10  
  128  11:54  Zergling x4  
Show
View Real Time Build Order
Export as new Build Order

iGXY Terran - Winner!

Build Orders: Reaper Expand 

Get SALT Encoding   

  12  0:00  SCV  
  13  0:12  SCV  
  14  0:17  Supply Depot  
  14  0:24  SCV  
  15  0:39  SCV  
  15  0:40  Barracks  
  16  0:44  Refinery  
  16  0:51  SCV  
  17  1:03  SCV  
  18  1:15  SCV  
  19  1:28  Orbital Command, Reaper  
  20  1:42  Command Center  
  20  1:52  Supply Depot  
  20  1:53  SCV  
  21  1:59  Marine  
  22  2:05  SCV  
  23  2:15  Factory  
  23  2:17  SCV  
  23  2:22  Barracks Reactor  
  24  2:29  SCV  
  25  2:40  Command Center  
  25  2:42  SCV  
  26  2:53  Orbital Command  
  26  2:54  SCV  
  27  3:01  Starport  
  27  3:07  SCV  
  27  3:09  Refinery  
  27  3:12  Marine  
  28  3:19  SCV x2  
  31  3:24  Hellion  
  31  3:25  Hellion  
  35  3:31  SCV x2  
  37  3:37  Starport Tech Lab  
  36  3:43  Barracks Tech Lab, SCV x2  
  36  3:46  Hellion x2  
  42  3:51  Orbital Command  
  42  3:55  SCV x2  
  47  4:07  SCV x2  
  49  4:17  Marine, Stimpack  
  49  4:19  SCV x2, Viking  
  49  4:22  Barracks  
  51  4:30  Barracks  
  51  4:31  SCV x2  
  51  4:32  Supply Depot  
  51  4:34  Marine  
  51  4:37  Refinery x2  
  54  4:43  Armory, SCV x2  
  54  4:44  Supply Depot  
  56  4:47  Factory  
  56  4:55  SCV x2  
  56  4:57  Marine, Starport Reactor  
  59  5:08  SCV  
  59  5:09  Engineering Bay  
  59  5:10  Engineering Bay, Factory Reactor  
  59  5:12  Barracks Reactor  
  60  5:14  SCV  
  60  5:18  Supply Depot  
  60  5:20  SCV  
  62  5:21  Marine x2  
  62  5:22  Marine  
  62  5:23  Orbital Command  
  62  5:26  SCV  
  66  5:32  SCV  
  67  5:37  Terran Infantry Armor Level 1, Terran Infantry Weapons Level 1  
  67  5:38  SCV  
  67  5:39  Marine  
  69  5:44  SCV  
  69  5:48  SCV  
  71  5:50  Widow Mine x2, SCV, Drilling Claws  
  71  5:51  Widow Mine  
  71  5:56  Medivac x2, SCV  
  83  6:00  SCV  
  83  6:01  Supply Depot  
  83  6:02  Marine  
  85  6:07  Supply Depot  
  85  6:08  Combat Shield, Supply Depot  
  85  6:16  Supply Depot  
  85  6:19  Marine x3  
  85  6:20  SCV x2  
  85  6:21  SCV  
  85  6:23  Barracks  
  85  6:24  Barracks  
  85  6:25  Marine x2  
  92  6:26  Widow Mine x2  
  92  6:27  Widow Mine  
  99  6:37  Marine x3  
  99  6:38  SCV x3  
  99  6:39  Supply Depot  
  105  6:43  Marine  
  105  6:45  Medivac x2  
  105  6:46  Marine  
  111  6:48  Widow Mine x2  
  111  6:49  Widow Mine  
  117  6:55  Marine x2  
  117  6:56  Refinery  
  117  6:57  Supply Depot  
  117  6:59  Marine  
  117  7:01  Marine  
  121  7:03  SCV x2  
  121  7:05  Marine  
  121  7:06  Supply Depot  
  124  7:09  Widow Mine x2  
  124  7:10  Widow Mine  
  124  7:13  Marine  
  131  7:17  SCV  
  131  7:18  Medivac x2  
  136  7:27  SCV x2  
  138  7:30  Widow Mine x2  
  138  7:31  Widow Mine, SCV  
  138  7:34  Supply Depot  
  138  7:35  Terran Infantry Weapons Level 2  
  145  7:38  Marine x4  
  145  7:39  SCV, Marine  
  145  7:40  Marine, SCV  
  145  7:44  SCV  
  135  7:51  SCV  
  135  7:52  Widow Mine x2  
  135  7:55  Missile Turret  
  135  7:56  Marine  
  135  7:57  Missile Turret  
  135  7:58  Marine x2, Missile Turret  
  138  8:02  Barracks Reactor  
  138  8:03  Barracks Reactor  
  139  8:08  Widow Mine  
  141  8:15  Marine x2  
  141  8:16  Marauder, Marine x2  
  141  8:19  Widow Mine  
  151  8:20  Widow Mine  
  151  8:27  SCV, Medivac x2  
  152  8:32  Widow Mine  
  156  8:41  Widow Mine x2  
  156  8:48  Command Center  
  152  8:49  Marine x3  
  153  8:57  Marine  
  153  8:58  Marauder  
  153  9:02  Widow Mine  
  156  9:05  Terran Infantry Armor Level 2  
  156  9:06  Supply Depot x2  
  156  9:07  Supply Depot  
  156  9:12  SCV  
  156  9:13  Supply Depot x2  
  157  9:18  Thor  
  157  9:19  Widow Mine, SCV  
  157  9:20  Marine  
  157  9:25  Widow Mine  
  157  9:26  Marine x2  
  157  9:27  Marauder  
  157  9:28  Supply Depot, Medivac x2  
  161  9:31  Refinery  
  161  9:35  Marine x3  
  161  9:36  Marine  
  163  9:38  Marine x2  
  163  9:40  Widow Mine  
  163  9:44  Marine x2  
  167  9:46  Widow Mine  
  167  9:48  Barracks x2  
  167  9:49  Marauder  
  167  9:52  Barracks  
  171  9:53  Marine x4  
  171  9:56  Marine  
  171  9:58  Medivac x2  
  178  10:02  Widow Mine x2  
  182  10:08  Widow Mine  
  182  10:12  Marauder, Marine x4  
  182  10:13  Marine x3  
  182  10:14  Marine  
  192  10:23  Widow Mine x2  
  192  10:28  Medivac x2  
  186  10:29  Widow Mine  
  186  10:30  Marine x3  
  186  10:32  Marine  
  186  10:33  Marauder  
  195  10:44  Widow Mine  
  195  10:45  Widow Mine  
  195  10:47  Marine, Missile Turret x2  
  199  10:59  Planetary Fortress  
  198  11:09  Marine x2  
  198  11:10  Marauder, Marine x2  
  198  11:11  Marine x2  
  190  11:14  Missile Turret  
  170  11:20  Marine  
  170  11:25  Thor  
  162  11:26  Widow Mine x2, Marine  
  162  11:27  Marine x2  
  162  11:29  Marine  
  162  11:31  Marauder  
  164  11:33  Marine  
  164  11:36  Marine x2  
  164  11:38  Marine, SCV  
  164  11:39  SCV x2  
  171  11:44  Marine  
  171  11:45  Marine x2  
  174  11:47  Marine  
  174  11:51  SCV x3  
  174  11:52  Marauder  
  177  11:54  Marine  
  177  11:59  Marine  
  176  12:03  SCV x2  
Tags
 
Add a new tag
Caveats
  • Supply blocks, unpowered buildings, or Contaminate may cause inaccurate times.
  • Supply counts are checked every 10 seconds.